 Dungeon Crawl Stone Soup version 0.19.1-1-g22dce08 (webtiles) character file.

1659 Alarkh the Cleaver (level 8, 0/58 HPs)
             Began as a Demonspawn Monk on Jan 5, 2017.
             Was a Priest of Okawaru.
             Slain by a bullfrog (3 damage)
             ... on level 6 of the Dungeon.
             The game lasted 00:11:55 (7836 turns).

Alarkh the Cleaver (Demonspawn Monk)                Turns: 7836, Time: 00:11:56

Health: 0/58       AC:  8    Str: 10    XL:     8   Next: 68%
Magic:  8/8        EV: 13    Int: 14    God:    Okawaru [***...]
Gold:   434        SH:  5    Dex: 15    Spells: 0 memorised, 7 levels left

rFire  + + +     SeeInvis .     a - +2 war axe
rCold  . . .     Gourm    .     v - +0 robe "Tiboemet" {rPois rF+++ Str-2}
rNeg   + . .     Faith    .     (no shield)
rPois  +         Spirit   .     (no helmet)
rElec  .         Reflect  +     (no cloak)
rCorr  .         Harm     .     (gloves unavailable)
MR     .....                    (no boots)
Stlth  +++.......               q - +5 amulet of reflection
                                i - +1 ring of slaying
                                d - ring of positive energy

@: sanguine armour
A: claws 3, nightstalker 1, rot immunity, sanguine armour 1
a: Heroism, Renounce Religion


You were on level 6 of the Dungeon.
You worshipped Okawaru.
Okawaru was most pleased with you.
You were very hungry.

You visited 1 branch of the dungeon, and saw 6 of its levels.
You also visited: Ossuary.

You collected 434 gold pieces.

Inventory:

Hand Weapons
 a - a +2 war axe (weapon)
 F - a +0 hand axe
Armour
 b - a +1 robe
 v - the +0 robe "Tiboemet" (worn) {rPois rF+++ Str-2}
   (You found it on level 5 of the Dungeon)

   It affects your strength (-2).
   It renders you almost immune to fire.
   It protects you from poison.
Jewellery
 d - a ring of positive energy (left claw)
 i - a +1 ring of slaying (right claw)
 q - a +5 amulet of reflection (around neck)
 G - an uncursed ring of teleportation
Wands
 t - a wand of disintegration (5/24)
 D - a wand of polymorph (13/24)
 E - a wand of digging (11/24)
Scrolls
 e - a scroll of identify
 f - a scroll of fog {unknown}
 j - a scroll of fear {unknown}
 k - a scroll of enchant armour
 m - 2 scrolls of remove curse
 o - 3 scrolls of blinking
 r - 5 scrolls of magic mapping
 u - a scroll of amnesia {unknown}
 y - 3 scrolls of random uselessness
 B - a scroll of teleportation {unknown}
 H - a scroll of recharging {unknown}
 J - a scroll of immolation {unknown}
Potions
 h - 2 potions of agility
 n - a potion of flight {unknown}
 p - 5 potions of curing {unknown}
 s - a potion of magic {unknown}
 w - 2 potions of heal wounds
 x - 2 potions of resistance {unknown}
 z - a potion of lignification
 A - 2 potions of might {unknown}
Comestibles
 c - 4 bread rations
 l - 3 meat rations
 C - 3 beef jerkies
 I - a slice of pizza


   Skills:
 - Level 3.0 Fighting
 + Level 10.5 Axes
 - Level 2.6 Dodging
 - Level 1.7 Stealth


You had 7 spell levels left.
You didn't know any spells.

Dungeon Overview and Level Annotations

Branches:
Dungeon (6/15)
 Temple: D:4-7

Altars:
Ashenzari
Fedhas
Gozag
Hepliaklqana
Makhleb
Okawaru
Sif Muna
Trog
Xom
Yredelemnul
The Shining One


Innate Abilities, Weirdness & Mutations

You have claws for hands.
You are slightly more attuned to the shadows.
You are immune to rotting.
When seriously injured, your bleeding wounds create armour. (AC +6)


Message History

* * * LOW HITPOINT WARNING * * *
There is a large open door here.
The electric eel shoots out a bolt of lightning at you!
The bolt of electricity hits you!
* * * LOW HITPOINT WARNING * * *
The electric eel shoots out a bolt of lightning at you!
The bolt of electricity hits you!
* * * LOW HITPOINT WARNING * * *
Things that are here:
a trident; 2 stones; a big kobold corpse You feel like a meek peon again.
You start resting.
Magic restored.
You start resting.
A bullfrog is nearby!
You catch the helpless bullfrog completely off-guard!
You slash the bullfrog!
The bullfrog is heavily wounded.
The bullfrog hits you.
You die...

## ≈≈≈≈≈;..≈≈≈≈≈≈ ##...### #.
.## ≈≈≈≈≈≈..≈≈≈≈≈≈ #..###
..######≈≈≈≈≈..≈≈≈≈≈# ##.#
#..##..##≈≈≈≈.$≈≈≈≈# #.#
#.....####≈≈;..;≈≈######.#
#..#.....####''####...#..#
.........# #.....###...##
#######..# #####F.##...##
#....## #)..@.....#..##
####.##..# #.............###
##....###.###........###....###
#..#### #............#
##.....## ..## ####.........#
##.....## ### ##........#
###....# # #........# ###...
#........# #### #........# #


You could see a bullfrog.

Vanquished Creatures
  A phantom (D:4)
  An ice beast (D:5)
  2 ogres (D:6)
  3 centaurs
  A big kobold (D:6)
  A bullfrog (D:6)
  4 water moccasin zombies (Ossuary)
  A vampire bat (D:5)
  A howler monkey (D:5)
  2 crimson imps (D:5)
  A bullfrog zombie (D:5)
  2 orc wizards
  A bullfrog skeleton (D:5)
  2 worker ants (D:4)
  A killer bee zombie (D:5)
  2 big kobold zombies (Ossuary)
  2 mummies (Ossuary)
  A worker ant zombie (D:5)
  4 gnolls (D:6)
  A howler monkey skeleton (D:4)
  5 adders
  A shadow imp (D:3)
  7 adder zombies (Ossuary)
  4 worms
  11 dart slugs
  3 leopard geckos
  15 orcs
  3 ball pythons
  3 giant cockroaches
  A gnoll zombie (Ossuary)
  19 goblins
  11 hobgoblins
  10 jackals
  7 kobolds
  A quokka (D:5)
  20 bats
  7 frilled lizards
  7 hobgoblin zombies (Ossuary)
  6 kobold zombies (Ossuary)
  A leopard gecko skeleton (D:4)
  3 orc zombies (Ossuary)
  A quokka zombie (D:5)
  8 rats
188 creatures vanquished.

Notes
Turn   | Place    | Note
-------+----------+-------------------------------------------
     0 | D:1      | Alarkh the Demonspawn Monk began the quest for the Orb.
     0 | D:1      | Reached XP level 1. HP: 18/18 MP: 1/1
    63 | D:1      | Reached skill level 3 in Axes
   112 | D:1      | Gained mutation: You are slightly more attuned to the shadows. [demonic ancestry]
   112 | D:1      | Reached XP level 2. HP: 17/24 MP: 2/2
   812 | D:2      | Gained mutation: When seriously injured, your bleeding wounds create armour. (AC +6) [demonic ancestry]
   812 | D:2      | Reached XP level 3. HP: 23/29 MP: 3/3
  1083 | D:1      | Reached skill level 4 in Axes
  1587 | D:2      | Gained mutation: You have sharp fingernails. [demonic ancestry]
  1587 | D:2      | Reached XP level 4. HP: 22/35 MP: 4/4
  2511 | D:3      | Reached skill level 5 in Axes
  2682 | D:3      | Found a burning altar of Makhleb.
  2708 | D:3      | Noticed a blizzard demon
  2711 | D:3      | Noticed a neqoxec
  2711 | D:3      | Noticed a ynoxinul
  2759 | D:3      | You fall through a shaft!
  2788 | D:5      | Entered Level 5 of the Dungeon
  2797 | D:5      | Gained mutation: You have very sharp fingernails. [demonic ancestry]
  2797 | D:5      | Reached XP level 5. HP: 39/41 MP: 5/5
  2940 | D:5      | Found a sand-covered staircase.
  2965 | D:5      | Reached skill level 6 in Axes
  2997 | D:5      | Found a hazy altar of Hepliaklqana.
  3003 | D:5      | Found a shattered altar of Ashenzari.
  3014 | D:5      | Got a smoking robe
  3028 | D:5      | Reached XP level 6. HP: 30/47 MP: 6/6
  3044 | D:5      | Found an iron altar of Okawaru.
  3044 | D:5      | Found a shimmering altar of Xom.
  3046 | D:5      | Found a bloodstained altar of Trog.
  3051 | D:5      | Became a worshipper of Warmaster Okawaru
  3051 | D:5      | Reached * piety under Okawaru
  3051 | D:5      | Reached ** piety under Okawaru
  3123 | D:5      | Identified the +0 robe "Tiboemet" {rPois rF+++ Str-2} (You found it on level 5 of the Dungeon)
  3124 | Ossuary  | Entered an ossuary
  3350 | Ossuary  | Reached skill level 7 in Axes
  3728 | Ossuary  | Gained mutation: You are immune to rotting. [demonic ancestry]
  3728 | Ossuary  | Reached XP level 7. HP: 25/52 MP: 7/7
  4371 | D:5      | Reached skill level 8 in Axes
  4919 | D:4      | Reached *** piety under Okawaru
  5480 | D:3      | Gained mutation: You have claws for hands. [demonic ancestry]
  5480 | D:3      | Reached XP level 8. HP: 53/58 MP: 8/8
  5845 | D:4      | Reached skill level 9 in Axes
  6333 | D:5      | Found a blossoming altar of Fedhas.
  6742 | D:5      | Found a blossoming altar of Fedhas.
  6743 | D:5      | Found an opulent altar of Gozag.
  6743 | D:5      | Found a basalt altar of Yredelemnul.
  6745 | D:5      | Found a glowing golden altar of the Shining One.
  6747 | D:5      | Found a deep blue altar of Sif Muna.
  7138 | D:6      | Reached skill level 10 in Axes
  7822 | D:6      | HP: 1/58 [electric eel/bolt of electricity (9)]
  7836 | D:6      | Slain by a bullfrog

Skill      XL: |  1  2  3  4  5  6  7  8 |
---------------+-------------------------+-----
Axes           | 3 4 5 6 7 8 10 | 10.5
Fighting       | |  3.0
Dodging        | |  2.6
Stealth        | |  1.7

Action                   |  1- 3 |  4- 6 |  7- 9 || total
-------------------------+-------+-------+-------++-------
Melee: Hand axe          |   128 |   306 |   227 ||   661
       War axe           |       |       |   101 ||   101
       Punch             |       |       |     1 ||     1
Invok: Heroism           |       |       |     2 ||     2
Evoke: Wand              |       |     3 |     8 ||    11
  Use: Potion            |     1 |     1 |     2 ||     4
       Scroll            |     1 |     2 |     8 ||    11
 Stab: Sleeping          |    14 |    11 |    12 ||    37
       Distracted        |       |       |     1 ||     1
  Eat: Chunk             |     2 |     6 |    12 ||    20
       Beef jerky        |       |       |     1 ||     1
Armor: Robe              |    13 |    49 |    43 ||   105
       Skin              |     8 |     5 |    24 ||    37
Dodge: Dodged            |    78 |   160 |   145 ||   383
Block: Other             |     4 |    74 |    65 ||   143
       Reflection        |       |     1 |     3 ||     4
